 Dungeon Crawl Stone Soup version 0.27.1-35-g4d5d836560 (webtiles) character file.

Game seed: 10650604728866747715

577 Delamore the Covert (level 7, 0/45 HPs)
             Began as an Octopode Brigand on Apr 26, 2022.
             Was an Initiate of Gozag.
             Killed from afar by an orc wizard (7 damage)
             ... with a puff of flame
             ... on level 4 of the Dungeon.
             The game lasted 00:03:48 (3832 turns).

Delamore the Covert (Octopode Brigand)              Turns: 3832, Time: 00:03:49

Health: 0/45       AC:  1    Str: 11    XL:     7   Next: 35%
Magic:  7/7        EV: 12    Int: 13    God:    Gozag
Gold:   282        SH:  0    Dex: 15    Spells: 6/6 levels left

rFire    . . .     SeeInvis .   a - +2 dagger (flame)
rCold    + . .     Faith    .   (no shield)
rNeg     . . .     Spirit   .   (helmet restricted)
rPois    .         Reflect  .   (no amulet)
rElec    .         Harm     .   g - ring of protection from cold
rCorr    .         Rampage  .   (no ring)
Will     .....                  (no ring)
Stlth    +++++.....             (no ring)
HPRegen  0.15/turn              (no ring)
MPRegen  0.10/turn              (no ring)
                                (no ring)
                                (no ring)

@: gold aura
A: almost no armour, amphibious, 8 rings, camouflage 1, gelatinous body 1,
(nimble swimmer 1), tentacles
a: Renounce Religion, Potion Petition, Call Merchant, Bribe Branch


You were on level 4 of the Dungeon.
You worshipped Gozag.
Gozag was aware of your devotion.
You visited 1 branch of the dungeon, and saw 4 of its levels.

You collected 292 gold pieces.
You paid 10 gold pieces to Gozag.

Inventory:

Hand Weapons
 a - a +2 dagger of flaming (weapon)
 e - a +0 short sword of protection
Missiles
 b - 14 poisoned darts (quivered)
Jewellery
 g - a ring of protection from cold (left tentacle)
Wands
 d - a wand of mindburst (2)
Scrolls
 h - a scroll of fog
 i - a scroll of teleportation {unknown}
 k - a scroll of noise {unknown}
 l - a scroll of blinking {unknown}
 n - a scroll of vulnerability {unknown}
 o - a scroll of torment {unknown}
 r - a scroll of amnesia {unknown}
Potions
 j - a potion of curing {unknown}
 m - 2 potions of invisibility {unknown}
 p - 2 potions of lignification {unknown}
 q - a potion of magic {unknown}


   Skills:
 - Level 2.0 Fighting
 * Level 6.5 Short Blades
 - Level 2.0 Throwing
 - Level 1.0 Dodging
 + Level 8.2 Stealth


You had 6 spell levels left.
You didn't know any spells.
Your spell library contained the following spells:

 Spells                   Type           Power      Damage    Failure   Level
 Magic Dart               Conj           0%         1d3       30%         1
 Searing Ray              Conj           0%         3d3       43%         2
 Call Canine Familiar     Summ           0%         N/A       67%         3
 Portal Projectile        Hex/Tloc       0%         N/A       67%         3
 Fulminant Prism          Conj/Hex       0%         3d6       97%         4
 Leda's Liquefaction      Hex/Erth       0%         N/A       97%         4


Dungeon Overview and Level Annotations

Branches:
Dungeon (4/15)
 Temple: D:4-7

Altars:
Gozag
Vehumet


Innate Abilities, Weirdness & Mutations

You cannot wear most types of armour.
You are amphibious.
You can wear up to eight rings at the same time.
Your skin changes colour to match your surroundings (Stealth+).
Your rubbery body absorbs attacks. (AC +1, EV +1)
((You are camouflaged near water. (Stealth+)))
You have tentacles for arms and can constrict up to eight enemies at once.


Message History

You miss something. You squeeze something. Something hits you.
You barely miss something. You closely miss something. Something hits you.
You closely miss something. Something hits you.
You miss something. You hit something. You burn something.
Something completely misses you.
The orc wizard points at you and mumbles some strange words.
The puff of flame hits you!
You are too injured to fight recklessly!
You are too injured to fight recklessly!
You miss something. Something hits you but does no damage.
You hit something. You burn something. You closely miss something.
Something hits you.
You hit something but do no damage. Something hits you.
* * * LOW HITPOINT WARNING * * *
Throw: dart (curare)
Press: ? - help, Q - select action, (/) - cycle Shift-Dir - straight line, f - orc wizard
Aim: an orc wizard, wielding a +0 dagger and wearing a +0 robe (53% to hit)
You throw a curare-tipped dart.
The curare-tipped dart hits the orc wizard.
The orc wizard is poisoned.
The orc wizard convulses.
The orc wizard seems to slow down.
The orc wizard is heavily wounded.
You closely miss something.
You hear a shout!
You closely miss something. Something hits you.
* * * LOW HITPOINT WARNING * * *
You closely miss something. Something hits you.
* * * LOW HITPOINT WARNING * * *
You closely miss something.
The orc wizard gestures at you while chanting.
You hit something but do no damage.
You kill the orc wizard!
Something barely misses you.
You completely miss something.
You hear some strange, mumbled words.
A puff of flame appears from out of thin air!
The puff of flame hits you!
You die...
Your body crumbles into a pile of gold.

### #.. #.#
#$# #{# #@#
#.# #.# #.#
#.#
############
#.#
............
#.#
....########
#.# ....#
#.#


There were no monsters in sight!

Vanquished Creatures
  Sigmund (D:3)
  2 orc priests
  Crazy Yiuf (D:3)
  A hound (D:4)
  Jessica (D:2)
  An orc wizard (D:4)
  Natasha (thrice) (D:2)
  4 gnolls (D:3)
  3 adders
  3 shadow imps (D:3)
  2 worms (D:2)
  4 dart slugs
  7 orcs (D:4)
  6 endoplasms
  4 giant cockroaches
  6 goblins
  5 hobgoblins
  2 jackals (D:3)
  A quokka (D:1)
  6 ball pythons
  2 bats
  4 frilled lizards
  4 kobolds
  6 rats
79 creatures vanquished.

Notes
Turn   | Place    | Note
-------+----------+-------------------------------------------
     0 | D:1      | Delamore the Octopode Brigand began the quest for the Orb.
     0 | D:1      | Reached XP level 1. HP: 14/14 MP: 1/1
   122 | D:1      | Reached XP level 2. HP: 19/19 MP: 2/2
   218 | D:1      | Found a faded altar of an unknown god.
   892 | D:1      | Reached XP level 3. HP: 22/24 MP: 3/3
  1193 | D:2      | Noticed Natasha
  1196 | D:2      | Killed Natasha
  1197 | D:2      | Reached skill level 6 in Stealth
  1197 | D:2      | Reached XP level 4. HP: 29/29 MP: 4/4
  1232 | D:2      | Noticed Natasha
  1238 | D:2      | Killed Natasha
  1519 | D:2      | Noticed Jessica
  1523 | D:2      | Killed Jessica
  1524 | D:2      | Reached XP level 5. HP: 29/34 MP: 5/5
  1567 | D:2      | Found an opulent altar of Gozag.
  1617 | D:2      | Became a worshipper of Gozag Ym Sagoz the Greedy
  1659 | D:2      | Noticed Natasha
  1664 | D:2      | Killed Natasha
  2190 | D:3      | Found a radiant altar of Vehumet.
  2338 | D:3      | Found a transporter.
  2388 | D:3      | Found a transporter.
  2549 | D:3      | Found a runed translucent door.
  2550 | D:3      | Noticed Crazy Yiuf
  2602 | D:3      | Noticed Sigmund
  2612 | D:3      | Killed Sigmund
  2613 | D:3      | Reached skill level 5 in Short Blades
  2613 | D:3      | Reached skill level 7 in Stealth
  2613 | D:3      | Reached XP level 6. HP: 39/39 MP: 6/6
  3147 | D:3      | Killed Crazy Yiuf
  3333 | D:3      | Reached XP level 7. HP: 45/45 MP: 7/7
  3542 | D:4      | Reached skill level 8 in Stealth
  3832 | D:4      | Killed from afar by an orc wizard

Illustrated notes

Levels and vault maps discovered:
D:1:      kennysheep_arrival_seaside, layout_loops_ring, basic_ecumenical_altar,
          minmay_tromino_i2
D:2:      layout_loops_ring, basic_altar, grunt_decor_mini_mirrors,
          uniq_natasha, uniq_jessica
D:3:      gammafunk_wand_slinger, layout_basic, vehumet_crystals,
          grunt_decor_clamped, uniq_crazy_yiuf_cottage, uniq_sigmund
D:4:      cheibrodos_pilgrimage, layout_basic, kennysheep_path_1

Skill      XL: |  1  2  3  4  5  6  7 |
---------------+----------------------+-----
Short Blades   | 3 4 5 6 |  6.5
Stealth        | 6 7 8 |  8.2
Fighting       | |  2.0
Throwing       | |  2.0
Dodging        | |  1.0

Action                   |  1- 3 |  4- 6 |  7- 9 || total
-------------------------+-------+-------+-------++-------
Melee: Dagger            |    37 |    70 |    42 ||   149
       Constrict         |     5 |    14 |     9 ||    28
       Tentacles         |     2 |    15 |     9 ||    26
Throw: Dart              |       |    19 |     4 ||    23
Evoke: Wand              |       |     1 |     5 ||     6
  Use: Scroll            |       |     3 |       ||     3
 Stab: Sleeping          |     9 |    17 |       ||    26
       Distracted        |       |     2 |       ||     2
Armor: Skin              |     1 |     1 |     1 ||     3
Dodge: Dodged            |     8 |    18 |     6 ||    32
